 Dungeon Crawl Stone Soup version 0.23.2-40-g277498a001 (console) character file.

Game seed: 5152039809673999671

8587 Medar the Basher (level 11, 75/75 HPs)
             Began as a Demonspawn Artificer on Feb 16, 2019.
             Was an Elder of Makhleb.
             Quit the game on level 10 of the Dungeon on Oct 2, 2019.
             The game lasted 00:36:56 (12882 turns).

Medar the Basher (Demonspawn Artificer)            Turns: 12882, Time: 00:36:56

Health: 75/75      AC: 19    Str: 19    XL:     11   Next: 11%
Magic:  13/13      EV:  8    Int: 12    God:    Makhleb [****..]
Gold:   428        SH:  0    Dex: 14    Spells: 10/10 levels left

rFire    + . .     SeeInvis .   p - +1 lajatang (vamp)
rCold    . . .     Gourm    .   (shield currently unavailable)
rNeg     . . .     Faith    .   o - +1 chain mail
rPois    .         Spirit   .   H - +0 helmet
rElec    .         Reflect  .   t - scarf {repulsion}
rCorr    .         Harm     .   T - +2 pair of gloves
MR       .....                  w - +0 pair of boots
Stlth    ..........             (no amulet)
HPRegen  0.22/turn              N - +3 ring of strength
MPRegen  0.13/turn              s - ring of protection from fire

@: repel missiles
A: claws 1, slimy green scales 2, demonic guardian 1, nightstalker 1
a: Minor Destruction, Lesser Servant of Makhleb, Major Destruction, Renounce
Religion


You were on level 10 of the Dungeon.
You worshipped Makhleb.
Makhleb was greatly pleased with you.
You were not hungry.

You visited 1 branch of the dungeon, and saw 11 of its levels.

You collected 658 gold pieces.
You spent 230 gold pieces at shops.

Inventory:

Hand Weapons
 a - a +4 falchion
 m - a +0 short sword
 p - a +1 vampiric lajatang (weapon)
 v - a +0 war axe
 D - a +0 rapier
 E - a +2 dagger of draining
 G - a +1 morningstar of protection
 V - a +0 great mace
 X - a +0 blowgun
Missiles
 q - 3 tomahawks (quivered)
 u - 4 throwing nets {=f =F}
 z - 66 poisoned needles
 C - 7 javelins
Armour
 o - a +1 chain mail (worn)
 t - a scarf of repulsion (worn)
 w - a +0 pair of boots (worn)
 H - a +0 helmet (worn)
 L - a +0 plate armour
 T - a +2 pair of gloves (worn)
Jewellery
 s - a ring of protection from fire (right hand)
 J - an uncursed ring of protection from cold
 N - a +3 ring of strength (left hand)
Wands
 d - a wand of enslavement (6)
 e - a wand of random effects (5)
 A - a wand of polymorph (2)
 P - a wand of iceblast (16)
Scrolls
 c - a scroll of vulnerability {unknown}
 j - 2 scrolls of immolation
 k - a scroll of amnesia {unknown}
 l - a scroll of teleportation
 r - 5 scrolls of remove curse {@r1}
 F - 4 scrolls of enchant armour
 M - a scroll of enchant weapon
 Q - a scroll of noise {unknown}
 R - 2 scrolls of blinking {unknown}
 U - 3 scrolls of magic mapping {unknown}
Potions
 g - 3 potions of flight
 h - a potion of heal wounds
 n - a potion of invisibility {unknown}
 x - a potion of resistance {unknown}
 B - 2 potions of cancellation
 I - 4 potions of curing {@q1}
 K - a potion of mutation {unknown}
 O - a potion of brilliance
 S - a potion of haste
Miscellaneous
 i - a phial of floods (inert)
Comestibles
 b - a chunk of flesh
 f - 7 rations


   Skills:
 - Level 3.0 Fighting
 - Level 0.8(3.3) Short Blades
 - Level 5.1(5.2) Long Blades
 + Level 13.5 Maces & Flails
 - Level 4.0 Armour
 - Level 1.7 Dodging
 - Level 0.8 Stealth
 - Level 3.0 Evocations


You had 10 spell levels left.
You didn't know any spells.
Your spell library contained the following spells:

 Spells                   Type           Power        Failure   Level  Hunger
 Apportation              Tloc           #.....       98%         1    ##.....
 Confusing Touch          Hex            #.....       98%         1    ##.....
 Summon Butterflies       Summ           #.......     98%         1    ##.....
 Confuse                  Hex            #.......     100%        3    ####...
 Gell's Gravitas          Tloc           #.........   100%        3    ####...
 Lesser Beckoning         Tloc           #.........   100%        3    ####...
 Tukima's Dance           Hex            #.......     100%        3    ####...
 Petrify                  Tmut/Erth      #.......     100%        4    #####..
 Alistair's Intoxication  Tmut/Pois      #.......     100%        5    ######.
 Metabolic Englaciation   Hex/Ice        #.........   100%        5    ######.
 Yara's Violent Unravell  Hex/Tmut       #.........   100%        5    ######.
 Invisibility             Hex            #.......     100%        6    #######


Dungeon Overview and Level Annotations

Branches:
Dungeon (11/15)            Temple (0/1) D:7
   Lair: D:8-11         Orc: D:9-12

Altars:
Ashenzari
Dithmenos
Kikubaaqudgha
Makhleb
Nemelex Xobeh
Okawaru
Qazlal
Ru
Trog
Uskayaw
Xom
Zin

Shops:
D:5 *   D:7 [[!(   D:11 [


Innate Abilities, Weirdness & Mutations

You have sharp fingernails.
You are mostly covered in slimy green scales. (AC +3)
A weak demonic guardian rushes to your aid.
You are slightly more attuned to the shadows.


Message History

Welcome back, Medar the Demonspawn Artificer.
Blood and souls for Makhleb!
Press ? for a list of commands and other information.
Save game and exit?
Welcome back, Medar the Demonspawn Artificer.
Blood and souls for Makhleb!
Press ? for a list of commands and other information.
You see here a +0 flail.
You see here a +0 dagger.
Saving game... please wait.
Welcome back, Medar the Demonspawn Artificer.
Blood and souls for Makhleb!
Press ? for a list of commands and other information.
Saving game... please wait.
Welcome back, Medar the Demonspawn Artificer.
Blood and souls for Makhleb!
Press ? for a list of commands and other information.
Quiver which item? (- for none, * to show all) (? for menu, Esc to quit)
Okay, then.
Are you sure you want to abandon this character and quit the game? (Confirm with "yes".)

..# #..#########.# ..#
#............# ..#
##(########..# ..##
#(########..# ...#
#.##........# ##(#
#.##.#####.## #>#
#)).........#
##)###########)##.#####.##
##............).@.# ###
##.##########..####
......# #..# ......# #..#
......#### #..#
.........####..#
......##.......#
......#######.##
......#######.#


There were no monsters in sight!

Vanquished Creatures
  3 two-headed ogres
  A gargoyle (D:10)
  Psyche (D:11)
  2 hippogriffs (D:10)
  5 wraiths
  A hungry ghost (D:9)
  Edmund (D:4)
  A black bear (D:8)
  3 orc warriors
  An ice beast (D:9)
  3 phantoms
  3 ogres
  5 centaurs
  A crocodile (D:11)
  3 big kobolds (D:10)
  5 bullfrogs
  2 scorpions
  6 killer bees (D:9)
  A water moccasin skeleton (D:8)
  A howler monkey (D:8)
  3 crimson imps
  2 jellies
  4 orc priests
  A centaur skeleton (D:5)
  4 hounds
  Terence (D:2)
  Natasha (thrice) (D:3)
  2 iguanas (D:8)
  4 orc wizards
  7 worker ants
  A hound skeleton (D:9)
  3 worker ant zombies
  Robin (D:4)
  13 gnolls
  9 adders
  A howler monkey skeleton (D:6)
  2 oozes
  2 adder zombies
  An adder skeleton (D:4)
  5 worms
  3 dart slugs
  6 leopard geckos
  32 orcs
  4 ball pythons (D:3)
  7 giant cockroaches
  11 goblins
  6 hobgoblins
  2 jackals (D:8)
  6 quokkas
  6 bats
  2 frilled lizards (D:2)
  A jackal skeleton (D:6)
  18 kobolds
  7 rats
229 creatures vanquished.

Vanquished Creatures (collateral kills)
  Josephine (D:11)
  Harold (D:9)
  A troll (D:10)
  An ice beast (D:4)
  A necrophage (D:6)
  An ogre (D:7)
  A gnoll sergeant (D:7)
  A quasit (D:9)
  5 orc priests
  2 orc wizards
  A gnoll (D:7)
  2 orcs
  A goblin (D:2)
  A kobold (D:1)
  A quokka (D:7)
  A rat (D:1)
22 creatures vanquished.

Vanquished Creatures (others)
  An adder (D:9)
  2 jackals (D:1)
  A kobold (D:11)
  A goblin (D:1)
  A plant (D:3)
6 creatures vanquished.

Grand Total: 257 creatures vanquished

Notes
Turn   | Place    | Note
-------+----------+-------------------------------------------
     0 | D:1      | Medar the Demonspawn Artificer began the quest for the Orb.
     0 | D:1      | Reached XP level 1. HP: 15/15 MP: 3/3
   291 | D:1      | Gained mutation: You are partially covered in slimy green
                  | scales. (AC +2) [demonic ancestry]
   291 | D:1      | Reached XP level 2. HP: 14/22 MP: 4/4
   684 | D:1      | Gained mutation: You are slightly more attuned to the
                  | shadows. [demonic ancestry]
   684 | D:1      | Reached XP level 3. HP: 28/28 MP: 5/5
   849 | D:2      | Reached skill level 1 in Armour
   961 | D:2      | Noticed Terence
  1132 | D:2      | Killed Terence
  1204 | D:2      | Gained mutation: You have sharp fingernails. [demonic
                  | ancestry]
  1204 | D:2      | Reached XP level 4. HP: 31/34 MP: 6/6
  1927 | D:3      | Found a shimmering altar of Xom.
  2022 | D:3      | Noticed Natasha
  2026 | D:3      | Killed Natasha
  2087 | D:3      | Reached XP level 5. HP: 37/40 MP: 7/7
  2134 | D:3      | Found a burning altar of Makhleb.
  2138 | D:3      | Noticed Natasha
  2154 | D:3      | Killed Natasha
  2427 | D:3      | Noticed Natasha
  2432 | D:3      | Killed Natasha
  2543 | D:3      | Noticed a water elemental
  2544 | D:3      | Found a stormy altar of Qazlal.
  2546 | D:3      | Noticed a fire elemental
  2546 | D:3      | Noticed an air elemental
  2565 | D:3      | Became a worshipper of Makhleb the Destroyer
  3045 | D:3      | Reached skill level 1 in Long Blades
  3045 | D:3      | Gained mutation: A weak demonic guardian rushes to your
                  | aid. [demonic ancestry]
  3045 | D:3      | Reached XP level 6. HP: 37/47 MP: 8/8
  3569 | D:4      | Noticed Robin
  3574 | D:4      | Reached * piety under Makhleb
  3579 | D:4      | Killed Robin
  3654 | D:4      | Noticed an ice beast
  3669 | D:4      | Killed an ice beast
  3669 | D:4      | Reached XP level 7. HP: 25/52 MP: 9/9
  3954 | D:4      | Noticed Edmund
  3985 | D:4      | Killed Edmund
  4061 | D:4      | Reached skill level 5 in Long Blades
  4449 | D:5      | Entered Level 5 of the Dungeon
  4467 | D:5      | Found Xiomnati's Assorted Antiques.
  4474 | D:5      | Bought a glowing morningstar for 140 gold pieces
  4523 | D:5      | Reached skill level 1 in Maces & Flails
  4601 | D:5      | Found an iron altar of Okawaru.
  4846 | D:5      | Reached skill level 2 in Maces & Flails
  5172 | D:5      | Reached skill level 3 in Maces & Flails
  5405 | D:6      | Reached XP level 8. HP: 37/58 MP: 10/10
  5522 | D:6      | Reached skill level 4 in Maces & Flails
  5818 | D:6      | Reached ** piety under Makhleb
  6148 | D:6      | Reached skill level 5 in Maces & Flails
  6531 | D:6      | Reached skill level 6 in Maces & Flails
  6734 | D:7      | Found Muvun's Armour Emporium.
  6756 | D:7      | Found a shattered altar of Ashenzari.
  6774 | D:7      | Found Tiqaap's Armour Emporium.
  6824 | D:7      | Found a staircase to the Ecumenical Temple.
  6889 | D:7      | Reached skill level 7 in Maces & Flails
  7017 | D:7      | Found Feheg's Antique Weapon Emporium.
  7136 | D:7      | Found a sacrificial altar of Ru.
  7137 | D:7      | Found an ancient bone altar of Kikubaaqudgha.
  7137 | D:7      | Found a bloodstained altar of Trog.
  7166 | D:7      | Found Qotierch's Distillery.
  7188 | D:7      | Bought a potion of curing for 45 gold pieces
  7188 | D:7      | Bought a potion of lignification for 45 gold pieces
  7595 | D:8      | Reached XP level 9. HP: 63/63 MP: 11/11
  7685 | D:8      | Noticed a two-headed ogre
  7924 | D:8      | Killed a two-headed ogre
  7924 | D:8      | Reached *** piety under Makhleb
  7924 | D:8      | Reached skill level 8 in Maces & Flails
  8020 | D:8      | Found a shadowy altar of Dithmenos.
  8140 | D:8      | Reached skill level 9 in Maces & Flails
  8665 | D:8      | Found a hide-covered altar of Uskayaw.
  8786 | D:8      | Found a sparkling altar of Nemelex Xobeh.
  9061 | D:9      | Found a glowing silver altar of Zin.
  9198 | D:9      | Reached skill level 10 in Maces & Flails
  9689 | D:9      | Noticed Harold
  9723 | D:9      | Killed Harold
  9723 | D:9      | Gained mutation: You are mostly covered in slimy green
                  | scales. (AC +3) [demonic ancestry]
  9723 | D:9      | Reached XP level 10. HP: 57/70 MP: 12/12
  9781 | D:10     | Entered Level 10 of the Dungeon
  9824 | D:10     | Noticed a gargoyle
  9841 | D:10     | Killed a gargoyle
  9841 | D:10     | Reached skill level 11 in Maces & Flails
 10648 | D:11     | Noticed Josephine
 10804 | D:10     | Reached **** piety under Makhleb
 10842 | D:11     | Noticed a two-headed ogre
 11012 | D:10     | Reached skill level 12 in Maces & Flails
 11297 | D:11     | Found Etasoas's Armour Shop.
 11793 | D:11     | Killed Josephine
 11794 | D:11     | Noticed a two-headed ogre
 12012 | D:11     | Killed a two-headed ogre
 12012 | D:11     | Reached skill level 13 in Maces & Flails
 12109 | D:10     | Killed a two-headed ogre
 12109 | D:10     | Reached XP level 11. HP: 43/75 MP: 13/13
 12807 | D:11     | Noticed Psyche
 12811 | D:11     | Killed Psyche
 12867 | D:10     | Upgraded the game from 0.23.0 to 0.23.2-1-ga50397a
 12867 | D:10     | Upgraded the game from 0.23.2-1-ga50397a to
                  | 0.23.2-40-g277498a001
 12882 | D:10     | Quit the game

Skill      XL: |  1  2  3  4  5  6  7  8  9 10 |
---------------+-------------------------------+-----
Fighting       | 2 3 |  3.0
Armour         | 2 3 4 |  4.0
Long Blades    | 1 4 5 |  5.1
Maces & Flails | 3 7 10 13 | 13.5
Short Blades   | |  0.8
Dodging        | |  1.7
Stealth        | |  0.8
Evocations     | |  3.0

Action                   |  1- 3 |  4- 6 |  7- 9 | 10-12 || total
-------------------------+-------+-------+-------+-------++-------
Melee: Short sword       |   149 |       |       |       ||   149
       Dagger            |     6 |   113 |       |       ||   119
       Falchion          |       |    91 |    39 |       ||   130
       Morningstar       |       |       |   330 |       ||   330
       Lajatang          |       |       |    90 |   294 ||   384
Evoke: Wand              |    13 |     6 |    17 |     6 ||    42
       Phial of floods   |       |       |     1 |       ||     1
  Use: Scroll            |       |     2 |     7 |     3 ||    12
       Potion            |       |       |     2 |     2 ||     4
 Stab: Distracted        |       |       |     2 |     5 ||     7
  Eat: Chunk             |     1 |     8 |    18 |     9 ||    36
       Ration            |       |       |     3 |     1 ||     4
Armor: Scale mail        |    59 |       |       |       ||    59
       Leather armour    |     5 |       |       |       ||     5
       Chain mail        |     2 |   100 |   333 |   324 ||   759
       Skin              |       |       |       |    39 ||    39
Dodge: Dodged            |    96 |    73 |   202 |   148 ||   519
       Deflected         |       |     2 |     4 |    18 ||    24
       Rpst.: Falchion   |       |    16 |     5 |       ||    21
